 Dungeon Crawl Stone Soup version 0.27-a0-1181-g5f64966fcc (webtiles) character file.

Game seed: 4926212108988611988

1352 bande the Covered (level 8, -2/48 HPs)
             Began as a Gargoyle Fighter on May 17, 2021.
             Slain by Maggie
             ... wielding a +2 morningstar of flaming
              (11 damage)
             ... on level 6 of the Dungeon.
             The game lasted 00:09:02 (5870 turns).

bande the Covered (Gargoyle Fighter)                Turns: 5870, Time: 00:09:02

Health: -2/48      AC: 18    Str: 19 (21) XL:     8   Next: 63%
Magic:  8/8        EV:  2    Int:  7 (9)  God:
Gold:   233        SH: 14    Dex:  8 (10) Spells: 7/7 levels left

rFire    . . .     SeeInvis .   a - +0 war axe (elec)
rCold    . . .     Faith    .   r - +0 tower shield
rNeg     + . .     Spirit   .   p - +0 plate armour
rPois    ∞         Reflect  .   (no helmet)
rElec    +         Harm     .   (no cloak)
rCorr    .         Rampage  .   (no gloves)
Will     .....                  (no boots)
Stlth    ..........             (no amulet)
HPRegen  0.16/turn              (no ring)
MPRegen  0.11/turn              (no ring)

@: mighty, mesmerised
A: sickness immunity, AC +5, negative energy resistance 1, electricity
resistance, torment resistance 1, petrification resistance
a: no special abilities


You were on level 6 of the Dungeon.
You visited 1 branch of the dungeon, and saw 6 of its levels.

You collected 353 gold pieces.
You spent 120 gold pieces at shops.

Inventory:

Hand Weapons
 a - a +0 war axe of electrocution (weapon)
 h - a +1 hand axe of venom
Armour
 p - a +0 plate armour (worn)
 r - a +0 tower shield (worn)
Jewellery
 i - an amulet of guardian spirit
 n - a ring of see invisible
Wands
 m - a wand of iceblast (20)
Scrolls
 g - 2 scrolls of teleportation
 j - 6 scrolls of identify
 o - a scroll of fear
Potions
 c - a potion of cancellation
 e - 2 potions of brilliance
 f - 2 potions of curing


   Skills:
 + Level 4.7 Fighting
 + Level 5.7 Axes
 + Level 6.3 Armour
 + Level 1.4 Dodging
 + Level 5.8 Shields
 * Level 2.7 Evocations


You had 7 spell levels left.
You didn't know any spells.
Your spell library contained the following spells:

 Spells                   Type           Power      Damage    Failure   Level
 Beastly Appendage        Tmut           0%         N/A       100%        1
 Magic Dart               Conj           0%         1d3       100%        1
 Blink                    Tloc           N/A        N/A       100%        2
 Call Imp                 Summ           0%         N/A       100%        2
 Slow                     Hex            0%         N/A       100%        2
 Wereblood                Tmut           0%         N/A       100%        2
 Conjure Flame            Conj/Fire      0%         6-21      100%        3
 Mephitic Cloud           Conj/Pois/Air  0%         N/A       100%        3
 Spider Form              Tmut/Pois      0%         N/A       100%        3
 Ice Form                 Ice/Tmut       0%         N/A       100%        4
 Hydra Form               Tmut           0%         N/A       100%        5


Dungeon Overview and Level Annotations

Branches:
Dungeon (6/15)
 Temple: D:4-7

Altars:
Ashenzari
Dithmenos
Makhleb
Qazlal
Xom
Zin

Shops:
D:4 =((=

Annotations:
D:6 Maggie


Innate Abilities, Weirdness & Mutations

You are immune to sickness and miasma.
Your stone body is resilient. (AC +5)
You are immune to poison.
You resist negative energy. (rN+)
You are resistant to electric shocks. (rElec)
You are resistant to unholy torment.
You are immune to petrification.


Message History

Maggie is moderately wounded.
You break out of your daze.
Maggie casts a spell at you. The bolt of fire hits you.
You block Maggie's attack.
You closely miss Maggie.
Maggie is moderately wounded.
Maggie hits you but does no damage.
Maggie casts a spell.
Maggie attempts to bespell you! You resist.
The orc priest mumbles some strange prayers to Beogh against you.
Beogh smites you!
You slash Maggie!
Maggie is heavily wounded.
Maggie hits you but does no damage.
You slash Maggie!
Maggie is severely wounded.
Maggie casts a spell.
Maggie attempts to bespell you! You resist with some effort.
Maggie hits you with a +2 morningstar of flaming.
Maggie burns you.
You closely miss Maggie.
Maggie is severely wounded.
Maggie hits you with a +2 morningstar of flaming.
Maggie burns you.
You slash Maggie!
Maggie is almost dead.
An orc wizard appears from thin air!
Reactivating autopickup.
Maggie casts a spell.
Maggie attempts to bespell you!
You are mesmerised by Maggie!
Maggie hits you with a +2 morningstar of flaming.
* * * LOW HITPOINT WARNING * * *
Maggie burns you.
* * * LOW HITPOINT WARNING * * *
You slash Maggie!
Maggie is almost dead.
You block Maggie's attack.
Maggie hits you with a +2 morningstar of flaming!
You die...

###....#..###.........#
....#####..##.........#
..### ##..##........#
### #..#.......##
#..#......# ##.##....##
##.###### ##.## ##@##
##@## ##o# #.o.# #....#
.....# #.o...# ......#
#@o.{..#


You could see Maggie (mesmerising), an orc priest and an orc wizard.

Vanquished Creatures
  A steam dragon (D:6)
  A water moccasin (D:5)
  A black bear (D:5)
  A necrophage (D:6)
  An ogre (D:5)
  A centaur (D:5)
  A phantom (D:4)
  A bullfrog (D:5)
  2 scorpions (D:5)
  A water moccasin skeleton (D:5)
  2 howler monkeys (D:6)
  4 hounds
  A jelly (D:6)
  2 iguanas (D:5)
  A hound skeleton (D:5)
  3 gnolls
  A howler monkey skeleton (D:2)
  6 adders
  An ufetubus (D:6)
  4 worms
  A dart slug (D:3)
  4 orcs
  5 bats
  6 endoplasms
  4 giant cockroaches
  4 goblins
  10 hobgoblins
  12 jackals
  4 quokkas
  2 ball pythons
  12 frilled lizards
  4 kobolds
  10 rats
114 creatures vanquished.

Vanquished Creatures (others)
  An orc (D:6)
1 creature vanquished.

Grand Total: 115 creatures vanquished

Notes
Turn   | Place    | Note
-------+----------+-------------------------------------------
     0 | D:1      | bande the Gargoyle Fighter began the quest for the Orb.
     0 | D:1      | Reached XP level 1. HP: 14/14 MP: 1/1
   165 | D:1      | Reached XP level 2. HP: 19/19 MP: 2/2
   560 | D:1      | Reached XP level 3. HP: 24/24 MP: 3/3
  1071 | D:1      | Found a shadowy altar of Dithmenos.
  1205 | D:2      | Reached skill level 1 in Dodging
  1208 | D:2      | Reached XP level 4. HP: 29/29 MP: 4/4
  1298 | D:2      | Reached skill level 4 in Armour
  1687 | D:2      | Reached XP level 5. HP: 24/33 MP: 5/5
  2355 | D:3      | Found a burning altar of Makhleb.
  2613 | D:4      | Found a glowing silver altar of Zin.
  2613 | D:4      | Found a shimmering altar of Xom.
  2613 | D:4      | Noticed an angel
  2680 | D:4      | Noticed a phantom
  2683 | D:4      | Killed a phantom
  2684 | D:4      | Reached XP level 6. HP: 38/38 MP: 6/6
  2700 | D:4      | Found Covvyz's Antique Weapon Shoppe.
  2793 | D:4      | Bought a glowing hand axe for 120 gold pieces
  2929 | D:4      | Found Cachuq's Antique Weapon Emporium.
  2935 | D:4      | Found Quclirph's Jewellery Emporium.
  2942 | D:4      | Found a broken altar of Ashenzari.
  3055 | D:4      | Identified the +0 spear of True Grit {vamp, rF+}
  3086 | D:4      | Found Deuxi's Jewellery Shoppe.
  3195 | D:4      | Found a glowing drain.
  3453 | D:5      | Entered Level 5 of the Dungeon
  3519 | D:5      | Reached skill level 1 in Evocations
  3519 | D:5      | Reached XP level 7. HP: 33/43 MP: 7/7
  4036 | D:5      | Reached skill level 5 in Armour
  4036 | D:5      | Reached skill level 5 in Shields
  4247 | D:5      | Reached skill level 5 in Axes
  4440 | D:5      | Reached XP level 8. HP: 46/48 MP: 8/8
  5247 | D:6      | Reached skill level 6 in Armour
  5298 | D:6      | Found a stormy altar of Qazlal.
  5848 | D:6      | Noticed Maggie
  5870 | D:6      | Slain by Maggie

Illustrated notes

Levels and vault maps discovered:
D:1:      dpeg_arrival_lava_altar, layout_basic
D:2:      layout_rooms, kennysheep_generic_room_5
D:3:      layout_basic, bloody_makhleb
D:4:      layout_loops_ring, grunt_temple_overflow_order_and_chaos_1,
          amcnicky_altar_gilded, serial_shops, nicolae_shop_waterfront, shop,
          nicolae_shop_stone, kennysheep_mini, cheibrodos_sewer_entry_bend
D:5:      layout_layer_cave
D:6:      layout_cave_pods, general_overflow_altar, uniq_maggie

Skill      XL: |  1  2  3  4  5  6  7  8 |
---------------+-------------------------+-----
Axes           | 2 3 4 5 |  5.7
Dodging        | 1 |  1.4
Armour         | 4 5 6 |  6.3
Fighting       | 4 |  4.7
Shields        | 4 5 |  5.8
Evocations     | 1 2 |  2.7

Action                   |  1- 3 |  4- 6 |  7- 9 || total
-------------------------+-------+-------+-------++-------
Melee: War axe           |   121 |   161 |    51 ||   333
       Hand axe          |       |    21 |    69 ||    90
  Use: Scroll            |     1 |     4 |     5 ||    10
       Potion            |       |       |     4 ||     4
Armor: Chain mail        |   108 |    60 |       ||   168
       Plate armour      |       |    72 |    74 ||   146
Dodge: Dodged            |    37 |    34 |    15 ||    86
Block: Kite shield       |    74 |    97 |       ||   171
       Tower shield      |       |    17 |   121 ||   138

Table legend: (Time is in decaauts)
 A = Elapsed time spent in this place.
 B = Non-inter-level travel time spent in this place.
 C = Inter-level travel time spent in this place.
 D = Time resting spent in this place.
 E = Time spent auto-exploring this place.
 F = Levels seen in this place.
 G = Mean time per level.
                   A        B        C        D        E       F      G
               +--------+--------+--------+--------+--------+-----+--------+
         Total |   6121 |   6121 |      0 |    773 |   4022 |   6 | 1020.2 |
       Dungeon |   6121 |   6121 |      0 |    773 |   4022 |   6 | 1020.2 |
               +--------+--------+--------+--------+--------+-----+--------+

Top non-repeatable levels by time:
     D:5: 1831 daAuts
     D:1: 1160 daAuts
     D:3: 898 daAuts
     D:4: 858 daAuts
     D:2: 720 daAuts
     D:6: 652 daAuts
